 Dungeon Crawl Stone Soup version 0.31-a0-523-g071a6c1ffa (webtiles) character file.

Game seed: 1057735241523063543

39899 senseless the Cleaver (level 13, -34/125 HPs)
             Began as a Minotaur Berserker on Aug 11, 2023.
             Was a High Priest of Trog.
             Annihilated by a white ugly thing (36 damage)
             ... on level 13 of the Dungeon.
             The game lasted 00:39:04 (14276 turns).

senseless the Cleaver (Minotaur Berserker)         Turns: 14276, Time: 00:39:05

Health: -34/125    AC: 25    Str: 26    XL:     13   Next: 71%
Magic:  3/12       EV: 13    Int:  4    God:    Trog [*****.]
Gold:   156        SH:  5    Dex: 14    Spells: 12/12 levels left

rFire   + . .        d - +7 executioner's axe (spect)
rCold   x . .        (shield currently unavailable)
rNeg    . . .        P - +0 plate armour
rPois   .            (helmet restricted)
rElec   .            S - +0 cloak
rCorr   .            T - +2 pair of gloves {Dex+3}
SInv    .            e - +2 pair of boots
Will    .....        D - amulet of reflection Stlth
                     J - ring "Xuer" {Fire Slay+2}
HPRegen 0.40/turn    m - +4 ring of slaying
MPRegen 0.13/turn

%: reflection
@: on berserk cooldown, slowed, very slow
A: horns 2, retaliatory headbutt
a: Renounce Religion, Berserk, Trog's Hand, Brothers in Arms


You were on level 13 of the Dungeon.
You worshipped Trog.
Trog was extremely pleased with you.
You visited 1 branch of the dungeon, and saw 13 of its levels.
You also visited: Sewer and Bailey.

You collected 1213 gold pieces.
You spent 1057 gold pieces at shops.

Inventory:

Hand Weapons
 d - a +7 spectral executioner's axe (weapon)
 p - the +5 long sword "Syabbokia" {flame, Will+ MP+9 Dex-4}
   (You found it on level 3 of the Dungeon)

   Dex-4:     It affects your dexterity (-4).
   Will+:     It increases your willpower.
   MP+9:      It affects your magic capacity (+9).
 E - the +6 falchion of Pauddop {antimagic, rPois Will+ rCorr}
   (You found it on level 6 of the Dungeon)

   rPois:     It protects you from poison Will+: It increases your willpower.
   rCorr:     It protects you from acid and corrosion.
 R - a +1 orcbow of freezing
Armour
 e - a +2 pair of boots (worn)
 s - a +1 leather armour of cold resistance
 P - a +0 plate armour (worn)
 S - a +0 cloak (worn)
 T - a +2 pair of gloves of dexterity (worn)
Jewellery
 l - a +6 ring of intelligence
 m - a +4 ring of slaying (right hand)
 q - an amulet of the acrobat
 t - a ring of protection from fire
 y - a ring of see invisible
 A - a ring of flight
 C - a ring of willpower
 D - an amulet of reflection (around neck)
 F - a ring of magical power
 J - the ring "Xuer" (left hand) {Fire Slay+2}
   (You found it on level 11 of the Dungeon)

   [ring of fire]

   Fire:      It enhances your fire magic.
   Slay+2:    It affects your accuracy & damage with ranged weapons and melee
   (+2).
   rF+:       It protects you from fire.
   rC-:       It makes you vulnerable to cold.
 K - a ring of willpower
 L - an amulet of magic regeneration
 M - a ring of magical power
Wands
 j - a wand of iceblast (19)
 w - a wand of light (7)
 z - a wand of polymorph (13)
 Q - a wand of mindburst (20)
Scrolls
 b - a scroll of silence
 h - 4 scrolls of poison
 i - 6 scrolls of identify
 v - 2 scrolls of teleportation
 x - 4 scrolls of fog
Potions
 c - 6 potions of lignification
 f - a potion of haste
 g - a potion of might
 k - a potion of enlightenment
 n - a potion of berserk rage
 o - 2 potions of curing
 r - 3 potions of brilliance
 u - 3 potions of mutation
 B - 2 potions of attraction
 H - a potion of cancellation
 I - a potion of resistance
 O - a potion of heal wounds


   Skills:
 + Level 14.7 Fighting
 + Level 14.8 Axes
 + Level 14.5 Armour
 + Level 13.4 Dodging


You had 12 spell levels left.
You didn't know any spells.
Your spell library contained the following spells:

 Spells                   Type           Power      Damage    Failure   Level
 Cigotuvi's Dreadful Rot  Necr/Pois/Air  0%         N/A       99%         2
 Wereblood                Tmut           0%         N/A       99%         2
 Ignite Poison            Fire/Tmut/Pois 0%         N/A       100%        3
 Inner Flame              Hex/Fire       0%         N/A       100%        3
 Flame Wave               Conj/Fire      0%         2d4       100%        4
 Sticky Flame             Conj/Fire      0%         2d3       100%        4
 Freezing Cloud           Conj/Ice/Air   0%         6-21      100%        5
 Irradiate                Conj/Tmut      0%         3d11      100%        5
 Yara's Violent Unravell  Hex/Tmut       0%         3d3       100%        5
 Enfeeble                 Hex            0%         N/A       100%        7


Dungeon Overview and Level Annotations

Branches:
Dungeon (13/15)            Temple (0/1) D:5            Lair (0/5) D:9
    Orc (0/2) D:10          Sewer (visited)          Bailey (visited)
 Vaults: D:13-14

Altars:
Cheibriados
Dithmenos
Fedhas
Gozag
Kikubaaqudgha
Qazlal
Sif Muna
Wu Jian
Xom
Zin

Shops:
D:1 *   D:9 *   D:10 [   D:12 [


Innate Abilities, Weirdness & Mutations

You have a pair of horns on your head.
You reflexively headbutt those who attack you in melee.


Message History

You slash the white ugly thing! You headbutt the white ugly thing!
The white ugly thing is moderately wounded.
You completely miss the death drake. You slice the basilisk!!
You slice the vampire mosquito!!
You destroy the vampire mosquito!
Trog accepts your kill.
Your +7 spectral executioner's axe hits the white ugly thing!
Your +7 spectral executioner's axe hits the death drake!
Your +7 spectral executioner's axe barely misses the cyclops.
Your +7 spectral executioner's axe hits the vampire mosquito!
Your +7 spectral executioner's axe hits the basilisk!!
You kill the basilisk!
Trog accepts your kill.
Your +7 spectral executioner's axe hits the death drake!!
Your +7 spectral executioner's axe hits the death drake!!!
You kill the death drake!
Trog accepts your kill.
The vampire mosquito bites you but does no damage.
The white ugly thing headbutts you but does no damage.
The vampire mosquito misses you. You furiously retaliate!
You headbutt the vampire mosquito!!
You destroy the vampire mosquito!
Trog accepts your kill. The white ugly thing headbutts you.
The white ugly thing freezes you!!
You feel a terrible chill!
You hit the white ugly thing. You headbutt the white ugly thing!
The white ugly thing is heavily wounded.
You barely miss the cyclops. You slash the cyclops!
Your +7 spectral executioner's axe hits the cyclops!
The white ugly thing headbutts you!
* * * LOW HITPOINT WARNING * * *
The white ugly thing freezes you!!
You feel a terrible chill!
* * * LOW HITPOINT WARNING * * *
The cyclops hits you but does no damage.
The cyclops hits you.
* * * LOW HITPOINT WARNING * * *
The white ugly thing headbutts you.
* * * LOW HITPOINT WARNING * * *
The white ugly thing freezes you!!!
You feel a terrible chill!
You die...

......#......#.....
#..###.)#.$#..#.#
####......†#######.# .
#..#.......# #.# ..
#.....###.....# ..#
...###.....#.....## ..#
#.......#..#/.#........#
#.."⌠:uC#######.......##
#.....C@# .......
...###†(...# ..###. .N
#.....## . #..#.... ###
..... ..###.. ... . #..#


You could see a white ugly thing, 2 cyclopes and a friendly +7 spectral
executioner's axe.

Vanquished Creatures
  A catoblepas (D:10)
  2 hydras
  2 ogre magi (D:10)
  3 centaur warriors
  Fannar (D:11)
  9 death yaks
  3 two-headed ogres
  2 boulder beetles
  An iron troll (D:12)
  A death drake (shapeshifter) (D:13)
  A swamp dragon (D:10)
  A swamp dragon (shapeshifter) (D:10)
  A wizard (D:13)
  Pikel (D:4)
  A deep elf pyromancer (D:10)
  3 ugly things
  2 orc knights (Bailey)
  2 manticores
  An orc sorcerer (Bailey)
  4 cyclopes
  4 kobold demonologists
  An efreet (D:10)
  A tengu conjurer (D:11)
  10 trolls
  A hornet (shapeshifter) (D:13)
  Grinder (D:6)
  15 slime creatures
  3 wraiths
  6 wyverns
  17 yaks
  A shadow (D:9)
  2 vampires
  A basilisk (D:13)
  6 vampire mosquitoes
  An acid dragon (D:11)
  3 water moccasins
  17 orc warriors
  3 ice beasts
  5 ogres
  A boggart (D:13)
  8 centaurs
  A lemure (D:4)
  4 kobold brigands
  A bullfrog (D:6)
  2 gnoll sergeants (D:10)
  A scorpion (D:3)
  10 wights
  13 killer bees
  4 electric eels (Bailey)
  8 howler monkeys
  2 hounds
  A jelly (D:7)
  11 orc priests
  A sleepcap (D:6)
  Terence (D:3)
  An iguana (D:4)
  19 orc wizards
  Robin (D:4)
  19 gnolls
  6 adders
  3 river rats (D:3)
  4 white imps (D:5)
  3 ufetubi
  5 worms
  3 dart slugs
  40 orcs
  7 endoplasms
  4 giant cockroaches
  13 hobgoblins
  12 jackals
  7 kobolds
  3 quokkas
  3 ball pythons
  2 bats
  13 frilled lizards
  19 goblins
  13 rats
409 creatures vanquished.

Vanquished Creatures (others)
  A centaur (D:5)
  2 spectral weapons
3 creatures vanquished.

Grand Total: 412 creatures vanquished

Notes
Turn   | Place    | Note
-------+----------+-------------------------------------------
     0 | D:1      | senseless the Minotaur Berserker began the quest for the
                  | Orb.
     0 | D:1      | Reached XP level 1. HP: 19/19 MP: 0/0
    88 | D:1      | Reached XP level 2. HP: 22/27 MP: 1/1
   356 | D:1      | Found Peinneit's General Store.
   461 | D:1      | Reached ** piety under Trog
   544 | D:1      | Reached XP level 3. HP: 31/33 MP: 2/2
   779 | D:1      | Found a faded altar of an unknown god.
   974 | D:1      | Bought a scroll of identify for 26 gold pieces
  1659 | D:3      | Reached XP level 4. HP: 22/41 MP: 3/3
  1752 | D:3      | Noticed Terence
  1757 | D:3      | Killed Terence
  1758 | D:3      | Reached XP level 5. HP: 47/47 MP: 4/4
  1853 | D:3      | Found a glowing drain.
  1892 | Sewer    | Entered a sewer
  1955 | Sewer    | Noticed a water moccasin
  1959 | Sewer    | Killed a water moccasin
  1960 | Sewer    | Reached skill level 5 in Fighting
  1960 | Sewer    | Reached skill level 5 in Axes
  1960 | Sewer    | Reached XP level 6. HP: 56/56 MP: 5/5
  2105 | D:3      | Identified the +5 long sword "Syabbokia" {flame, Will+ MP+9
                  | Dex-4}
  2309 | D:3      | Found a glowing silver altar of Zin.
  2323 | D:3      | Found an ancient bone altar of Kikubaaqudgha.
  2323 | D:3      | Found a shadowy altar of Dithmenos.
  2324 | D:3      | Found a snail-covered altar of Cheibriados.
  2325 | D:3      | Found an opulent altar of Gozag.
  2326 | D:3      | Found a blossoming altar of Fedhas.
  2327 | D:3      | Found a shimmering altar of Xom.
  2328 | D:3      | Found a shimmering blue altar of Sif Muna.
  2479 | D:4      | Reached *** piety under Trog
  2743 | D:4      | Noticed Pikel
  2748 | D:4      | Noticed Robin
  2754 | D:4      | Killed Pikel
  2755 | D:4      | Reached skill level 5 in Armour
  2755 | D:4      | Reached skill level 5 in Dodging
  2755 | D:4      | Reached XP level 7. HP: 40/64 MP: 6/6
  2758 | D:4      | Killed Robin
  3021 | D:4      | Reached XP level 8. HP: 62/71 MP: 7/7
  3230 | D:1      | Bought a ring of see invisible for 195 gold pieces
  3629 | D:5      | Entered Level 5 of the Dungeon
  3759 | D:5      | Reached **** piety under Trog
  4490 | D:5      | Found a staircase to the Ecumenical Temple.
  5046 | D:6      | Noticed Grinder
  5053 | D:6      | Killed Grinder
  5396 | D:6      | Reached XP level 9. HP: 78/81 MP: 8/8
  5526 | D:6      | Identified the +6 falchion of Pauddop {antimagic, rPois
                  | Will+ rCorr}
  7682 | D:8      | Reached XP level 10. HP: 80/91 MP: 9/9
  8350 | D:9      | Found a flagged portal.
  8366 | Bailey   | Entered a bailey
  8936 | Bailey   | Acquired a +3 executioner's axe of electrocution
  8942 | Bailey   | Noticed an orc knight
  8946 | Bailey   | Reached skill level 10 in Axes
  8951 | Bailey   | Killed an orc knight
  8952 | Bailey   | Reached skill level 10 in Fighting
  8952 | Bailey   | Reached ***** piety under Trog
  9054 | Bailey   | Noticed an orc knight
  9061 | Bailey   | Killed an orc knight
  9062 | Bailey   | Reached skill level 10 in Armour
  9335 | Bailey   | Found an iron altar of Okawaru.
  9335 | Bailey   | Noticed an orc sorcerer
  9336 | Bailey   | Noticed a rust devil
  9343 | Bailey   | Killed an orc sorcerer
  9346 | Bailey   | Noticed a sun demon
  9679 | D:9      | Noticed a death yak
  9679 | D:9      | Noticed a death yak
  9679 | D:9      | Noticed a death yak
  9679 | D:9      | Noticed a death yak
  9682 | D:9      | Noticed a death yak
  9685 | D:9      | Noticed a death yak
  9686 | D:9      | Killed a death yak
  9687 | D:9      | Reached XP level 11. HP: 101/101 MP: 10/10
  9687 | D:9      | Killed a death yak
  9689 | D:9      | Killed a death yak
  9691 | D:9      | Killed a death yak
  9692 | D:9      | Reached skill level 10 in Dodging
  9693 | D:9      | Killed a death yak
  9695 | D:9      | Killed a death yak
  9767 | D:9      | Found a staircase to the Lair.
  9834 | D:9      | Found Xioxock's Assorted Antiques.
 10537 | D:9      | Bought a golden ring for 165 gold pieces
 10537 | D:9      | Bought a scratched silver ring for 165 gold pieces
 10559 | D:10     | Entered Level 10 of the Dungeon
 10561 | D:10     | Noticed a centaur warrior
 10564 | D:10     | Killed a centaur warrior
 10762 | D:10     | Noticed a boulder beetle
 10764 | D:10     | Noticed an ogre mage
 10767 | D:10     | Killed a boulder beetle
 10768 | D:10     | Reached XP level 12. HP: 79/112 MP: 11/11
 10768 | D:10     | Noticed an ogre mage
 10770 | D:10     | Killed an ogre mage
 11018 | D:10     | Found Bicruxyf's Antique Armour Shoppe.
 11091 | D:10     | Received a gift from Trog
 11120 | D:10     | Noticed a four-headed hydra
 11127 | D:10     | Killed a one-headed hydra
 11197 | D:10     | Noticed a two-headed ogre
 11203 | D:10     | Killed a two-headed ogre
 11275 | D:10     | Noticed a catoblepas
 11286 | D:10     | Killed a catoblepas
 11526 | D:10     | Found a stormy altar of Qazlal.
 11768 | D:10     | Found an ornate altar of the Wu Jian Council.
 11827 | D:10     | Killed an ogre mage
 12120 | D:10     | Found a staircase to the Orcish Mines.
 12411 | D:11     | Noticed Fannar
 12425 | D:11     | Killed Fannar
 12541 | D:11     | Identified the ring "Xuer" {Fire Slay+2}
 13272 | D:12     | Noticed a two-headed ogre
 13276 | D:12     | Killed a two-headed ogre
 13277 | D:12     | Reached XP level 13. HP: 101/123 MP: 12/12
 13841 | D:10     | Bought a cloak for 117 gold pieces
 13841 | D:10     | Bought a pair of runed gloves for 195 gold pieces
 13904 | D:9      | Bought a lumpy black potion for 29 gold pieces
 13904 | D:9      | Bought a tiny emerald amulet for 165 gold pieces
 14040 | D:12     | Found Face's Antique Armour Emporium.
 14220 | D:13     | Received a gift from Trog
 14276 | D:13     | HP: 4/125 [cyclops (4)]
 14276 | D:13     | Annihilated by a white ugly thing

Illustrated notes

Levels and vault maps discovered:
D:1:      sevenhm_arrival_forest_fort_small_1, layout_loops_corners,
          dilly_ecumenical_altar_fadedgnrine, serial_shops, shop,
          minmay_lizard_pond
D:2:      layout_loops_ring
D:3:      minmay_door_path, layout_rooms, minitemple, lightli_sewer_entry_pipes,
          uniq_terence
D:4:      layout_basic, uniq_pikel, uniq_robin
D:5:      layout_loops_corners, lemuel_temple_firewalk_b, serial_rivers,
          chequers_serial_rivers_micro_e, chequers_serial_rivers_small_3,
          chequers_serial_rivers_small_3, chequers_serial_rivers_room_a,
          chequers_serial_rivers_micro_e
D:6:      layout_basic, uniq_grinder
D:7:      layout_basic
D:8:      layout_gridville, amcnicky_mini_corridor_feature
D:9:      minmay_flawed_box, layout_long_grid, dpeg_lair_monsters,
          enter_bailey_3, serial_shops, shop_statue
D:10:     minmay_the_grid_net [minmay_the_grid_medium_cups,
          minmay_the_grid_empty, minmay_the_grid_aliased_spiral,
          minmay_the_grid_small_cups, minmay_the_grid_dragon_a,
          minmay_the_grid_prize_four_corners], layout_stronghold,
          nicolae_wu_jian_glorious_leap, lemuel_round_altar,
          kennysheep_orc_monster_closet_entryway, serial_shops,
          nicolae_stop_n_shop_2, minivault_22, grunt_ministairs_6
D:11:     layout_gridville, uniq_fannar
D:12:     lemuel_troll_bridge, layout_basic, serial_shops, shop
D:13:     hangedman_cross_cluster, layout_basic, erik_vaults_1, uniq_azrael

Skill      XL: |  1  2  3  4  5  6  7  8  9 10 11 12 13 |
---------------+----------------------------------------+-----
Fighting       | 4 5 6 8 9 10 12 13 14 | 14.7
Axes           | 4 5 6 8 9 10 12 13 14 | 14.8
Armour         | 3 4 5 6 7 9 10 12 13 14 | 14.5
Dodging        | 3 4 5 6 8 9 11 12 13 | 13.4

Action                     |  1- 3 |  4- 6 |  7- 9 | 10-12 | 13-15 || total
---------------------------+-------+-------+-------+-------+-------++-------
  Melee: Hand axe          |    56 |    97 |   236 |    96 |       ||   485
         Headbutt          |     9 |    14 |    35 |    55 |    25 ||   138
         Dagger            |    25 |       |       |       |       ||    25
         Punch             |       |     1 |     2 |     1 |       ||     4
         Executioner's axe |       |       |       |   217 |    67 ||   284
         Long sword        |       |       |       |     4 |     2 ||     6
 Invoke: Berserk           |     3 |     2 |     6 |     9 |     2 ||    22
    Use: Scroll            |     8 |     4 |     6 |    13 |     1 ||    32
         Potion            |       |     4 |       |     2 |       ||     6
   Stab: Distracted        |       |     1 |       |       |       ||     1
 Armour: Animal skin       |    19 |       |       |       |       ||    19
         Ring mail         |     2 |     2 |       |       |       ||     4
         Scale mail        |       |    25 |    57 |       |       ||    82
         Chain mail        |       |       |     9 |       |       ||     9
         Plate armour      |       |       |     3 |   147 |    90 ||   240
  Dodge: Dodged            |    52 |    49 |   137 |   117 |    43 ||   398
  Block: Other             |       |       |    15 |    55 |    17 ||    87
         Reflection        |       |       |     1 |     3 |     3 ||     7

Table legend: (Time is in decaauts)
 A = Elapsed time spent in this place.
 B = Non-inter-level travel time spent in this place.
 C = Inter-level travel time spent in this place.
 D = Time resting spent in this place.
 E = Time spent auto-exploring this place.
 F = Levels seen in this place.
 G = Mean time per level.
                   A        B        C        D        E       F      G
               +--------+--------+--------+--------+--------+-----+--------+
         Total |  14602 |  13776 |    826 |    575 |  10767 |  15 |  973.5 |
       Dungeon |  13229 |  12403 |    826 |    421 |   9776 |  13 | 1017.6 |
         Sewer |    138 |    138 |      0 |      0 |     75 |   1 |  138.0 |
        Bailey |   1235 |   1235 |      0 |    154 |    915 |   1 | 1235.0 |
               +--------+--------+--------+--------+--------+-----+--------+

Top non-repeatable levels by time:
    D:10: 1919 daAuts
     D:5: 1355 daAuts
     D:6: 1338 daAuts
  Bailey: 1235 daAuts
     D:7: 1208 daAuts
     D:9: 1143 daAuts
     D:4: 1064 daAuts
     D:1: 974 daAuts
    D:11: 934 daAuts
     D:3: 873 daAuts
     D:8: 830 daAuts
    D:12: 808 daAuts
     D:2: 697 daAuts
   Sewer: 138 daAuts
    D:13: 81 daAuts
